 Dungeon Crawl Stone Soup version 0.25-b1-46-gb8a1ec05df (webtiles) character file.

Game seed: 18076551668331517630

(classic levelgen) 3 EnegeticOcto the Covered (level 1, 20/20 HPs)
             Began as a Minotaur Fighter on June 3, 2020.
             Quit the game on level 2 of the Dungeon on June 9, 2020.
             The game lasted 00:00:37 (226 turns).

EnegeticOcto the Covered (Minotaur Fighter)          Turns: 226, Time: 00:00:37

Health: 20/20      AC:  7    Str: 20    XL:     1   Next: 41%
Magic:  0/0        EV:  7    Int:  5    God:
Gold:   0          SH:  9    Dex:  9    Spells: 0/0 levels left

rFire    . . .     SeeInvis .   a - +0 war axe
rCold    . . .     Gourm    .   c - +0 kite shield
rNeg     . . .     Faith    .   b - +0 scale mail
rPois    .         Spirit   .   (helmet restricted)
rElec    .         Reflect  .   (no cloak)
rCorr    .         Harm     .   (no gloves)
MR       .....                  (no boots)
Stlth    ..........             (no amulet)
HPRegen  0.06/turn              (no ring)
MPRegen  0.07/turn              (no ring)

@: no status effects
A: retaliatory headbutt, horns 2
a: no special abilities


You were on level 2 of the Dungeon.
You were not hungry.

You visited 1 branch of the dungeon, and saw 2 of its levels.

Inventory:

Hand Weapons
 a - a +0 war axe (weapon)
Armour
 b - a +0 scale mail (worn)
 c - a +0 kite shield (worn)
Potions
 d - a potion of might {@q3 !q}
 g - 2 potions of degeneration {unknown}
 h - a potion of cancellation {unknown}
Comestibles
 e - 2 rations
 f - 3 chunks of flesh


   Skills:
 + Level 3.7 Fighting
 + Level 2.5 Axes
 + Level 3.7 Armour
 + Level 3.7 Shields


You couldn't memorise any spells.
You didn't know any spells.
Your spell library was empty.

Dungeon Overview and Level Annotations

Branches:
Dungeon (2/15)

Altars:


Innate Abilities, Weirdness & Mutations

You reflexively headbutt those who attack you in melee.
You have a pair of horns on your head.


Message History

Found a hunting sling.
Found a staircase leading out of the dungeon.
You see here a hunting sling.
You open the door.
Found 16 stones.
There is an open door here. (m)acro, (M)acro raw, keymap [(k) default, (x) level-map, (t)argeting, (c)onfirm, m(e)nu], (s)ave?
Input macro trigger key: \{-1011} Input macro action:
Okay, then.
Unknown command.
Saving game... please wait.
Welcome back, EnegeticOcto the Minotaur Fighter.
Press ? for a list of commands and other information.
(D) Dungeon
Where to? (? - help) Sorry, I don't know how to get there.
(D) Dungeon
Where to? (Enter - D:2, ? - help) Sorry, I don't know how to get there.
(D) Dungeon
Where to? (Enter - D:2, ? - help) Sorry, I don't know how to get there.
(D) Dungeon
Where to? (Enter - D:2, ? - help) Sorry, I don't know how to get there.
There is an open door here.
A leopard gecko comes into view.
The leopard gecko hisses angrily.
A leopard gecko is nearby!
A leopard gecko is nearby!
A hobgoblin comes into view.
The hobgoblin shouts!
You see here 2 murky coppery potions.
You closely miss the leopard gecko. The leopard gecko bites you.
The leopard gecko barely misses you.
You closely miss the leopard gecko. The leopard gecko bites you.
The hobgoblin completely misses you.
The leopard gecko bites you but does no damage.
You miss the leopard gecko. You barely miss the hobgoblin.
You block the leopard gecko's attack. The hobgoblin hits you.
You closely miss the leopard gecko. You barely miss the hobgoblin.
The leopard gecko completely misses you.
The hobgoblin barely misses you. You furiously retaliate!
You headbutt the hobgoblin.
You kill the hobgoblin!
The leopard gecko bites you but does no damage.
You are too injured to fight recklessly!
You are too injured to fight recklessly!
You are too injured to fight recklessly!
You are too injured to fight recklessly!
You are too injured to fight recklessly!
You are too injured to fight recklessly!
You are too injured to fight recklessly!
You are too injured to fight recklessly!
You are too injured to fight recklessly!
You are too injured to fight recklessly!
You are too injured to fight recklessly!
You are too injured to fight recklessly!
You are too injured to fight recklessly!
You are too injured to fight recklessly!
You are too injured to fight recklessly!
You are too injured to fight recklessly!
You are too injured to fight recklessly!
You are too injured to fight recklessly!
A leopard gecko is nearby!
You hit the leopard gecko.
You kill the leopard gecko!
Found a stone staircase leading down.
You see here a leopard gecko corpse.
Found a runed mace.
HP restored.
You butcher the leopard gecko corpse.
f - a chunk of flesh You see here a leopard gecko skeleton. x2
You butcher the hobgoblin corpse.
f - 3 chunks of flesh (gained 2)
You see here a hobgoblin skeleton. x2
g - 2 murky coppery potions You open the door.
There is an open door here.
You open the door.
There is an open door here.
There is an open door here.
You open the door.
You see here a leopard gecko skeleton.
e - 2 rations (gained 1)
h - a brown potion
(D) Dungeon
Where to? (Enter - D:2, ? - help)
There is a stone staircase leading down here.
You climb downwards.
There is a stone staircase leading up here.
Unknown command.
Are you sure you want to abandon this character and quit the game? (Confirm with "yes".)
Okay, then.
Saving game... please wait.
Welcome back, EnegeticOcto the Minotaur Fighter.
Press ? for a list of commands and other information.
Are you sure you want to abandon this character and quit the game? (Confirm with "yes".)

#.# #.#
#.# #.#
#.#
#####.#
#.....#
#....@#
....###.#
. ###


There were no monsters in sight!

Vanquished Creatures
  A leopard gecko (D:1)
  A hobgoblin (D:1)
2 creatures vanquished.

Notes
Turn   | Place    | Note
-------+----------+-------------------------------------------
     0 | D:1      | EnegeticOcto the Minotaur Fighter began the quest for the
                  | Orb.
     0 | D:1      | Reached XP level 1. HP: 19/19 MP: 0/0
   226 | D:2      | Upgraded the game from 0.25-b1-29-g4cfa5c7bda to
                  | 0.25-b1-46-gb8a1ec05df
   226 | D:2      | Quit the game

Illustrated notes

Levels and vault maps discovered:
D:1:      dpeg_arrival_short_road, layout_rooms, nemelex_altar_shiori
D:2:      minmay_skewed_foursquare, layout_rooms, lemuel_crystal_altar,
          elyvilon_altar_5, serial_co_window_serial, co_window_corner_a,
          co_window_paths_a, co_window_of_opportunity_a, co_window_corner_a,
          co_window_paths_a, co_window_corner_a, co_window_of_opportunity_c,
          co_window_of_opportunity_c, co_window_broadway_a,
          co_window_broadway_a, co_window_broadway_b, co_window_corner_ca,
          glass_columns_b, glass_columns_a, glass_columns_b,
          chequers_ecumenical_altar_simple, uniq_terence, uniq_jessica,
          uniq_robin

Action                   || total
-------------------------++-------
Melee: War axe           ||     5
Armor: Scale mail        ||     2
Dodge: Dodged            ||     4
Block: Kite shield       ||     1
